 Dungeon Crawl Stone Soup version 0.20-a0-893-g832831a (webtiles) character file.

68 GlassEater the Shield-Bearer (level 4, -3/35 HPs)
             Began as a Formicid Fighter on Mar 16, 2017.
             Slain by a gnoll
             ... wielding a +0 spear
              (4 damage)
             ... on level 2 of the Dungeon.
             The game lasted 00:02:07 (877 turns).

GlassEater the Shield-Bearer (Formicid Fighter)      Turns: 877, Time: 00:02:07

Health: -3/35      AC:  9    Str: 26    XL:     4   Next: 41%
Magic:  4/4        EV:  7    Int:  7    God:
Gold:   64         SH: 10    Dex: 11    Spells: 3/3 levels left

rFire    . . .     SeeInvis +   a - +0 flail
rCold    . . .     Gourm    .   m - +0 chain mail
rNeg     . . .     Faith    .   c - +0 shield
rPois    .         Spirit   .   (helmet unavailable)
rElec    .         Reflect  .   (no cloak)
rCorr    .         Harm     .   (no gloves)
MR       .....                  (no boots)
Stlth    ..........             (no amulet)
Regen    0.2/turn               (no ring)
MPRegen  0.1/turn               (no ring)

@: mighty
A: permanent stasis, dig shafts and tunnels, four strong arms, antennae 3
a: Dig, Shaft Self


You were on level 2 of the Dungeon.
You were not hungry.

You visited 1 branch of the dungeon, and saw 2 of its levels.

You collected 64 gold pieces.

Inventory:

Hand Weapons
 a - a +0 flail (weapon)
 b - a +0 hunting sling
Missiles
 h - 4 stones (quivered)
Armour
 c - a +0 shield (worn)
 m - a +0 chain mail (worn)
Scrolls
 e - a scroll of teleportation {unknown}
 g - a scroll of enchant armour {unknown}
 j - a scroll of remove curse {unknown}
 l - a scroll of random uselessness {unknown}
 o - 3 scrolls of identify {unknown}
 r - a scroll of fog {unknown}
Potions
 i - a potion of heal wounds {unknown}
 p - a potion of agility {unknown}
 q - a potion of curing {unknown}
 s - a potion of lignification {unknown}
 t - a potion of flight {unknown}
 u - a potion of ambrosia {unknown}
Comestibles
 f - 2 bread rations
 k - a royal jelly
 n - 9 chunks of flesh


   Skills:
 + Level 3.5 Fighting
 + Level 2.4 Maces & Flails
 + Level 3.5 Armour
 * Level 5.2 Shields


You had 3 spell levels left.
You didn't know any spells.

Dungeon Overview and Level Annotations

Branches:
Dungeon (2/15)

Altars:


Innate Abilities, Weirdness & Mutations

You cannot be hasted, slowed, berserked, paralysed or teleported.
You can dig through walls and to a lower floor.
Your four strong arms can wield two-handed weapons with a shield.
You have a pair of large antennae on your head. (SInv)


Message History

The gnoll is moderately wounded.
The gnoll hits you but does no damage. You block the gnoll's attack.
The gnoll closely misses you.
You closely miss the gnoll.
The gnoll is moderately wounded.
You block the gnoll's attack.
The gnoll hits you from afar with a spear.
* * * LOW HITPOINT WARNING * * *
Your shield prevents you from hitting the gnoll.
The gnoll is moderately wounded.
The gnoll hits you with a halberd.
* * * LOW HITPOINT WARNING * * *
The gnoll hits you but does no damage. The gnoll hits you with a halberd.
* * * LOW HITPOINT WARNING * * *
Some of the chunks of flesh in your inventory have rotted away.
You sock the gnoll!
You kill the gnoll!
The gnoll hits you but does no damage. You block the gnoll's attack.
The gnoll hits you with a spear.
You die...

### ... ..# ##.#
..# #
#.######.#.#
#....).....#
#########@####.#
.........g.....#
........#.######
#######.#.#
#..#.# #.##.#
#.##.# #)##.#
#.##.#


You could see a gnoll.

Vanquished Creatures
  2 gnolls (D:2)
  2 adders (D:2)
  An ooze (D:1)
  3 dart slugs
  2 goblins (D:1)
  5 hobgoblins
  3 kobolds (D:1)
  2 bats (D:1)
  3 rats (D:1)
23 creatures vanquished.

Notes
Turn   | Place    | Note
-------+----------+-------------------------------------------
     0 | D:1      | GlassEater the Formicid Fighter began the quest for the Orb.
     0 | D:1      | Reached XP level 1. HP: 18/18 MP: 1/1
    36 | D:1      | Reached skill level 4 in Shields
    36 | D:1      | Reached XP level 2. HP: 24/24 MP: 2/2
   453 | D:1      | Reached XP level 3. HP: 29/29 MP: 3/3
   827 | D:2      | Reached skill level 5 in Shields
   827 | D:2      | Reached XP level 4. HP: 34/35 MP: 4/4
   875 | D:2      | HP: 1/35 [gnoll/halberd (5)]
   877 | D:2      | Slain by a gnoll

Vault maps used:
D:1:      dpeg_arrival_rooms_with_view, minmay_liquid_box

Skill      XL: |  1  2  3 |
---------------+----------+-----
Shields        | 4 5 |  5.2
Fighting       | |  3.5
Maces & Flails | |  2.4
Armour         | |  3.5

Action                   |  1- 3 |  4- 6 || total
-------------------------+-------+-------++-------
Melee: Flail             |    71 |    15 ||    86
  Use: Potion            |       |     1 ||     1
Armor: Scale mail        |    13 |       ||    13
       Chain mail        |    33 |     2 ||    35
Dodge: Dodged            |    15 |     3 ||    18
Block: Shield            |    27 |    11 ||    38
